 Dungeon Crawl Stone Soup version 0.21.0-25-ge575cb9ce8 (webtiles) character file.

81 Krosko the Cudgeler (level 4, -2/45 HPs)
             Began as a Troll Berserker on Jan 23, 2018.
             Was a Believer of Trog.
             Slain by a gnoll
             ... wielding a +1 flail of distortion
              (14 damage)
             ... on level 2 of the Dungeon.
             The game lasted 00:02:41 (1003 turns).

Krosko the Cudgeler (Troll Berserker)               Turns: 1003, Time: 00:02:42

Health: -2/45      AC:  5    Str: 26    XL:     4   Next: 20%
Magic:  3/3        EV: 10    Int:  3    God:    Trog [**....]
Gold:   56         SH:  0    Dex:  9    Spells: 3/3 levels left

rFire    . . .     SeeInvis .   a - +0 mace
rCold    . . .     Gourm    +   (no shield)
rNeg     . . .     Faith    .   b - +0 animal skin
rPois    .         Spirit   .   (helmet restricted)
rElec    .         Reflect  .   (no cloak)
rCorr    .         Harm     .   (gloves unavailable)
MR       .....                  (boots unavailable)
Stlth    +.........             (no amulet)
HPRegen  0.55/turn              (no ring)
MPRegen  0.08/turn              (no ring)

@: about to teleport, berserk cooldown, slowed, very slow
A: large, unfitting armour, claws 3, fast metabolism 3, gourmand, regeneration
1, shaggy fur 1, tough skin 2
a: Berserk, Trog's Hand, Burn Spellbooks, Renounce Religion


You were on level 2 of the Dungeon.
You worshipped Trog.
Trog was pleased with you.
You were full.

You visited 1 branch of the dungeon, and saw 2 of its levels.

You collected 56 gold pieces.

Inventory:

Hand Weapons
 a - a +0 mace (weapon)
Armour
 b - a +0 animal skin (worn)
Scrolls
 d - a scroll of identify {unknown}
 g - 2 scrolls of teleportation {unknown}
Potions
 e - a potion of berserk rage {unknown}
 f - a potion of cancellation {unknown}
 h - a potion of brilliance {unknown}
 i - a potion of flight {unknown}
Comestibles
 c - 6 rations


   Skills:
 + Level 3.0 Fighting
 + Level 3.8 Maces & Flails
 + Level 2.9 Dodging


You had 3 spell levels left.
You didn't know any spells.

Dungeon Overview and Level Annotations

Branches:
Dungeon (2/15)

Altars:
Gozag


Innate Abilities, Weirdness & Mutations

You are too large for most types of armour.
You have claws for hands.
Your metabolism is lightning-fast.
You like to eat raw meat.
Your natural rate of healing is unusually fast.
You are covered in fur. (AC +1)
You have very tough skin. (AC +2)


Message History

You are no longer berserk.
You are exhausted.
You feel yourself slow down. The gnoll barely misses you.
You hit the gnoll.
The gnoll is severely wounded.
The gnoll hits you with a spear.
You closely miss the gnoll.
The gnoll is severely wounded.
The gnoll barely misses you. The gnoll hits you with a spear.
You hit the gnoll.
You kill the gnoll!
Trog accepts your kill.
Your Fighting skill increases to level 3!
The gnoll hits you with a flail of distortion!
* * * LOW HITPOINT WARNING * * *
You feel strangely unstable.
You hit the gnoll.
The gnoll is moderately wounded.
The gnoll hits you with a flail of distortion!
You die...

#....#..[#.....#
.....#...#.#####
#..#.#...#
#..###.###
#......#
#.####.##### #.#
#.....##
#.####.###..#
#.#....# ##@#
#.#.#### #g#
#.#.# #)#
...###)#'####
#.#
............#
#.#
............#
...
...........<#
###
..#..#.#....# .
##.#.####.#


You could see a gnoll.

Vanquished Creatures
  3 gnolls (D:2)
  An adder (D:2)
  3 dart slugs (D:1)
  2 leopard geckos (D:1)
  An orc (D:2)
  2 giant cockroaches (D:1)
  6 goblins
  6 hobgoblins (D:1)
  3 kobolds (D:1)
  2 bats
  3 frilled lizards (D:1)
  5 rats (D:1)
37 creatures vanquished.

Notes
Turn   | Place    | Note
-------+----------+-------------------------------------------
     0 | D:1      | Krosko the Troll Berserker began the quest for the Orb.
     0 | D:1      | Reached XP level 1. HP: 22/22 MP: 0/0
   119 | D:1      | Reached XP level 2. HP: 29/29 MP: 1/1
   483 | D:1      | Reached XP level 3. HP: 34/36 MP: 2/2
   620 | D:1      | Reached ** piety under Trog
   858 | D:2      | Found an opulent altar of Gozag.
   988 | D:2      | Reached XP level 4. HP: 44/44 MP: 3/3
  1003 | D:2      | Slain by a gnoll

Skill      XL: |  1  2  3  4 |
---------------+-------------+-----
Maces & Flails | 3 |  3.8
Fighting       | 3 |  3.0
Dodging        | |  2.9

Action                   |  1- 3 |  4- 6 || total
-------------------------+-------+-------++-------
Melee: Mace              |   121 |    13 ||   134
Invok: Berserk           |     1 |       ||     1
  Eat: Chunk             |    13 |       ||    13
Armor: Animal skin       |    52 |       ||    52
Dodge: Dodged            |    67 |     5 ||    72
